 Dungeon Crawl Stone Soup version 0.29-a0-270-g1586fc07ea (webtiles) character file.

Game seed: 794707984017143339

797 shoop the Covert (level 7, 28/28 HPs)
             Began as a Felid Enchanter on Mar 7, 2022.
             Was an Elder of Elyvilon.
             Quit the game in a bailey on Mar 8, 2022.
             The game lasted 00:25:26 (11009 turns).

shoop the Covert (Felid Enchanter)                 Turns: 11009, Time: 00:25:26

Health: 28/28      AC:  2    Str:  6    XL:     7   Next: 58%
Magic:  14/14      EV: 17    Int: 17    God:    Elyvilon [****..]
Gold:   444        SH:  0    Dex: 16    Spells: 4/14 levels left
                                        Lives:  0   Deaths: 2

rFire   . . .      SeeInvis +     - Unarmed
rCold   . . .      Faith    .   (shield unavailable)
rNeg    . . .      Spirit   .   (body armour unavailable)
rPois   .          Reflect  .   (helmet unavailable)
rElec   .          Harm     .   (cloak unavailable)
rCorr   .          Rampage  .   (gloves unavailable)
Will    +....                   (boots unavailable)
Stlth   ++++......              (no amulet)
HPRegen 0.09/turn               f - +4 ring of slaying
MPRegen 0.14/turn               (no ring)

@: quick
A: very small, claws 1, fangs 3, see invisible, speed 1, shaggy fur 2, stealthy
paws, no weapons or thrown items, no armour, multi-lived
a: Renounce Religion, Purification, Heal Other, Heal Self


You were in a bailey.
You worshipped Elyvilon.
Elyvilon was greatly pleased with you.
You visited 2 branches of the dungeon, and saw 9 of its levels.
You also visited: Bailey.

You collected 444 gold pieces.

Inventory:

Jewellery
 f - a +4 ring of slaying (left paw)
 l - a ring of ice
Wands
 v - a wand of acid (6)
 x - a wand of iceblast (31)
Scrolls
 c - a scroll of summoning {unknown}
 d - 2 scrolls of noise {unknown}
 e - a scroll of blinking {unknown}
 g - a scroll of brand weapon {unknown}
 j - 4 scrolls of teleportation {unknown}
 o - 3 scrolls of silence {unknown}
 p - 4 scrolls of vulnerability {unknown}
 q - 4 scrolls of enchant weapon {unknown}
 r - a scroll of torment {unknown}
 s - 2 scrolls of identify {unknown}
 t - a scroll of acquirement {unknown}
 u - 2 scrolls of fear {unknown}
 y - a scroll of amnesia {unknown}
 z - a scroll of magic mapping {unknown}
Potions
 a - 2 potions of invisibility
 b - 2 potions of haste
 h - a potion of mutation {unknown}
 i - 2 potions of flight {unknown}
 k - a potion of brilliance {unknown}
 m - 4 potions of curing
 n - 3 potions of heal wounds {unknown}
 w - a potion of attraction {unknown}


   Skills:
 - Level 1.0 Fighting
 - Level 3.0 Dodging
 - Level 8.0 Stealth
 + Level 7.6 Unarmed Combat
 - Level 4.0 Spellcasting
 - Level 6.0 Hexes
 - Level 2.0 Transmutations
 - Level 2.0 Ice Magic
 - Level 2.0 Earth Magic
 - Level 1.0 Invocations
 - Level 3.0 Evocations


You had 4 spell levels left.
You knew the following spells:

 Your Spells              Type           Power      Damage    Failure   Level
a - Ensorcelled Hibernat  Hex/Ice        34%        N/A       4%          2
c - Confusing Touch       Hex            23%        N/A       4%          3
p - Passwall              Tmut/Erth      8%         N/A       11%         2
t - Tukima's Dance        Hex            23%        N/A       4%          3

Your spell library contained the following spells:

 Spells                   Type           Power      Damage    Failure   Level
 Slow                     Hex            92%        N/A       1%          1
 Wereblood                Tmut           10%        N/A       11%         2
 Dazzling Flash           Conj/Hex       26%        N/A       14%         3
 Static Discharge         Conj/Air       3%         N/A       24%         2
 Sublimation of Blood     Necr           3%         N/A       24%         2
 Swiftness                Air            3%         N/A       43%         3
 Vampiric Draining        Necr           3%         2d6       43%         3
 Dispel Undead            Necr           3%         3d7       83%         4
 Sticky Flame             Conj/Fire      3%         2d3       83%         4
 Summon Hydra             Summ           1%         N/A       100%        7


Dungeon Overview and Level Annotations

Branches:
Dungeon (8/15)             Temple (1/1) D:4          Bailey (1/1)
   Lair: D:8-11

Altars:
Ashenzari
Cheibriados
Dithmenos
Elyvilon
Gozag
Makhleb
Nemelex Xobeh
Okawaru
Qazlal
Ru
Sif Muna
Trog
Uskayaw
Vehumet
Wu Jian
Xom
Yredelemnul
The Shining One

Shops:
D:4 [

Annotations:
D:3 exclusions: 2 hobgoblins, 2 orcs, 2 orc priests and orc wizard
D:4 exclusions: black bear, 2 orcs and orc wizard
D:6 exclusion: bullfrog, Maggie


Innate Abilities, Weirdness & Mutations

You have sharp claws.
You have razor-sharp teeth.
You have supernaturally acute eyesight. (SInv)
You cover ground quickly. (Speed+)
You are covered in thick fur. (AC +2)
Your paws help you pounce on unaware monsters.
You are incapable of wielding weapons or throwing items.
You cannot wear armour.
You gain extra lives every three experience levels.


Message History

Press: ? - help, Shift-Dir - straight line, f/p - centaur
Aim: a centaur, wielding a +0 halberd, wearing a +0 ring mail and quivering javelins (chance to affect: 50%)
The centaur resists with some effort.
The centaur misses you.
Casting: Ensorcelled Hibernation (safe; 4% risk of failure)
Confirm with . or Enter, or press ? or * to list all spells.
Aiming: Ensorcelled Hibernation (safe; 4% risk of failure)
Press: ? - help, Shift-Dir - straight line, f/p - centaur
Aim: a centaur, wielding a +0 halberd, wearing a +0 ring mail and quivering javelins (chance to affect: 50%)
The centaur resists with some effort.
The centaur hits you from afar with a +0 halberd!
* * * LOW HITPOINT WARNING * * *
The centaur closely misses you.
Casting: Ensorcelled Hibernation (safe; 4% risk of failure)
Confirm with . or Enter, or press ? or * to list all spells.
Aiming: Ensorcelled Hibernation (safe; 4% risk of failure)
Press: ? - help, Shift-Dir - straight line, f/p - centaur
Aim: a centaur, wielding a +0 halberd, wearing a +0 ring mail and quivering javelins (chance to affect: 50%)
The centaur resists with some effort.
The centaur throws a javelin.
The javelin completely misses you.
Okay, then.
Casting: Ensorcelled Hibernation (safe; 4% risk of failure)
Confirm with . or Enter, or press ? or * to list all spells.
Aiming: Ensorcelled Hibernation (safe; 4% risk of failure)
Press: ? - help, Shift-Dir - straight line, f/p - centaur
Aim: a centaur, wielding a +0 halberd, wearing a +0 ring mail and quivering javelins (chance to affect: 50%)
The centaur resists with some effort.
The centaur throws a javelin.
The javelin pierces through you! Elyvilon protects you from harm!
The centaur closely misses you.
Casting: Ensorcelled Hibernation (safe; 4% risk of failure)
Confirm with . or Enter, or press ? or * to list all spells.
Aiming: Ensorcelled Hibernation (safe; 4% risk of failure)
Press: ? - help, Shift-Dir - straight line, f/p - centaur
Aim: a centaur, wielding a +0 halberd, wearing a +0 ring mail and quivering javelins (chance to affect: 50%)
The centaur resists with some effort.
The centaur hits you from afar with a +0 halberd!
You die...
You are now level 7!
You rejoin the land of the living...
Are you sure you want to abandon this character and quit the game? (Confirm with "yes".)

#######
#####.....#####
##....≈≈≈≈≈....##
#.⌠.≈≈≈...≈≈≈.⌠.#
#..≈≈.[≈.≈..≈≈..#
#.≈≈.≈≈≈.≈≈≈[≈≈.#
#@≈.≈≈....)≈≈.≈[##
#.≈≈[≈.≈≈≈≈≈[≈.≈≈.#
#.≈.≈≈)≈...≈[≈≈)≈.#
#.≈.≈.≈≈...≈≈.≈.≈.#
#.≈.≈.≈.⌠∩⌠.≈.≈.≈.#
#.≈.≈)≈..∩..≈.≈.≈.#
#.≈.≈.≈.⌠∩⌠.≈.≈.≈.#
#.≈.≈.≈≈...≈≈.≈.≈.#
≈.≈≈.≈...≈.≈≈.≈.#


There were no monsters in sight!

Vanquished Creatures
  A water moccasin (D:5)
  2 ice beasts (D:7)
  A black bear (D:6)
  A kobold brigand (D:5)
  A gnoll sergeant (D:7)
  5 bullfrogs
  4 wights (D:7)
  6 killer bees (D:7)
  A howler monkey (D:5)
  2 hounds (D:7)
  2 orc priests (D:5)
  6 iguanas
  2 orc wizards (D:5)
  3 adders
  6 gnolls
  2 white imps
  An ufetubus (D:5)
  A worm (D:2)
  2 dart slugs
  12 orcs
  5 ball pythons
  2 bats
  6 endoplasms
  7 giant cockroaches
  10 goblins
  7 hobgoblins
  2 jackals (D:1)
  A quokka (D:3)
  2 frilled lizards (D:3)
  20 kobolds
  4 rats
127 creatures vanquished.

Vanquished Creatures (collateral kills)
  8 orcs (Bailey)
8 creatures vanquished.

Vanquished Creatures (others)
  3 dancing weapons (Bailey)
3 creatures vanquished.

Grand Total: 138 creatures vanquished

Notes
Turn   | Place    | Note
-------+----------+-------------------------------------------
     0 | D:1      | shoop the Felid Enchanter began the quest for the Orb.
     0 | D:1      | Reached XP level 1. HP: 7/7 MP: 4/4
   154 | D:1      | Reached XP level 2. HP: 8/12 MP: 6/6
   157 | D:1      | Learned a level 2 spell: Ensorcelled Hibernation
   436 | D:1      | Reached skill level 1 in Fighting
   462 | D:1      | Found a faded altar of an unknown god.
  1129 | D:2      | Identified the +1 leather armour "Fasah" {rElec rCorr
                  | Str+6}
  1148 | D:2      | Reached skill level 1 in Ice Magic
  1148 | D:2      | Reached XP level 3. HP: 15/15 MP: 4/7
  1686 | D:2      | Identified the +7 mace of Fimbulwinter {flame, rF+}
  2185 | D:2      | Identified the +0 rapier of Valour {spect, Dex+3}
  2670 | D:3      | Reached XP level 4. HP: 19/19 MP: 3/8
  3208 | D:3      | Found the +7 Throatcutter {drain, coup de grace}
  3809 | D:4      | Found a staircase to the Ecumenical Temple.
  3818 | Temple   | Entered the Ecumenical Temple
  3962 | Temple   | Became a worshipper of Elyvilon the Healer
  4221 | D:4      | Reached XP level 5. HP: 13/22 MP: 2/9
  4418 | D:4      | Noticed a black bear
  4712 | D:4      | Reached * piety under Elyvilon
  4749 | D:4      | Identified the +12 hand axe "Agulojuk" {freeze, rN+}
  5043 | D:4      | Found Orocvem's Armour Emporium.
  5191 | D:4      | Learned a level 2 spell: Passwall
  5269 | D:5      | Entered Level 5 of the Dungeon
  5269 | D:5      | Noticed a water moccasin
  5277 | D:5      | Killed a water moccasin
  5278 | D:5      | Reached skill level 1 in Transmutations
  5278 | D:5      | Reached skill level 1 in Earth Magic
  5278 | D:5      | Reached skill level 1 in Invocations
  5513 | D:5      | Gained mutation: You are covered in thick fur. (AC +2)
                  | [Felid growth]
  5513 | D:5      | Reached XP level 6. HP: 25/25 MP: 7/10
  6115 | D:5      | Reached ** piety under Elyvilon
  6999 | D:6      | Reached skill level 5 in Hexes
  6999 | D:6      | Reached skill level 1 in Evocations
  7087 | D:6      | Reached XP level 7. HP: 28/28 MP: 8/12
  7428 | D:6      | Reached skill level 5 in Stealth
  7429 | D:6      | Noticed Maggie
  7438 | D:6      | Killed from afar by Maggie
  7439 | D:6      | Reached XP level 6. HP: -17/25 MP: 7/11
  8334 | D:7      | Reached *** piety under Elyvilon
  8381 | D:7      | Noticed an ice beast
  8392 | D:7      | Reached skill level 6 in Stealth
  8392 | D:7      | Reached skill level 5 in Unarmed Combat
  8422 | D:7      | Killed an ice beast
  8423 | D:7      | Reached XP level 7. HP: 28/28 MP: 9/12
  8488 | D:7      | Learned a level 3 spell: Confusing Touch
  8532 | D:7      | Reached skill level 7 in Stealth
  8545 | D:7      | Reached skill level 8 in Stealth
  8840 | D:7      | Reached XP level 8. HP: 32/32 MP: 7/14
  9468 | D:7      | Elyvilon protects you from harm!
 10035 | D:7      | Reached **** piety under Elyvilon
 10493 | D:8      | Found a flagged portal.
 10493 | D:8      | Noticed a hornet
 10513 | D:8      | Identified the +7 falchion of Action {vorpal, *Slow +Blink
                  | Str+6 SInv}
 10603 | Bailey   | Entered a bailey
 10608 | Bailey   | Learned a level 3 spell: Tukima's Dance
 11007 | Bailey   | Elyvilon protects you from harm!
 11008 | Bailey   | Slain by a centaur
 11009 | Bailey   | Reached XP level 7. HP: -1/28 MP: 1/14
 11009 | Bailey   | Quit the game

Illustrated notes

Levels and vault maps discovered:
D:1:      minmay_arrival_glassed_features, layout_basic,
          shapermc_ecumenical_altar_gd
D:2:      layout_basic, minmay_diced_spiral
D:3:      layout_loops_cross, minmay_door_square, minmay_misc_feat_columns
D:4:      layout_basic, minmay_temple_entry_wispy, serial_shops,
          kennysheep_little_box
D:5:      layout_cave_pools
D:6:      layout_basic, uniq_maggie
D:7:      layout_basic, nicolae_concentric_dashed_squares_wild, st_stairs_14
D:8:      layout_basic, enter_bailey_6
Temple:   minmay_crystal_snake_temple
Bailey:   bailey_polearm_flooded_kennysheep, bailey

Skill      XL: |  1  2  3  4  5  6  7  8 |
---------------+-------------------------+-----
Dodging        | 3 |  3.0
Fighting       | 1 |  1.0
Unarmed Combat | 2 3 4 5 7 |  7.6
Ice Magic      | 1 2 |  2.0
Transmutations | 1 2 |  2.0
Earth Magic    | 1 2 |  2.0
Invocations    | 1 |  1.0
Spellcasting   | 3 4 |  4.0
Hexes          | 5 6 |  6.0
Evocations     | 3 2 |  3.0
Stealth        | 6 8 |  8.0

Action                   |  1- 3 |  4- 6 |  7- 9 || total
-------------------------+-------+-------+-------++-------
Melee: Unarmed           |    54 |   106 |    64 ||   224
       Bite              |       |     8 |     8 ||    16
       Punch             |       |     2 |     5 ||     7
 Cast: Ensorcelled Hiber |    23 |    36 |    33 ||    92
       Passwall          |       |     9 |       ||     9
       Tukima's Dance    |       |       |    16 ||    16
       Confusing Touch   |       |       |     6 ||     6
Evoke: Wand              |       |       |     2 ||     2
  Use: Potion            |       |     1 |       ||     1
 Stab: Sleeping          |    26 |    32 |    16 ||    74
       Confused          |       |       |     3 ||     3
Armor: Skin              |     4 |     5 |     3 ||    12
Dodge: Dodged            |    25 |    75 |    48 ||   148

Table legend: (Time is in decaauts)
 A = Elapsed time spent in this place.
 B = Non-inter-level travel time spent in this place.
 C = Inter-level travel time spent in this place.
 D = Time resting spent in this place.
 E = Time spent auto-exploring this place.
 F = Levels seen in this place.
 G = Mean time per level.
                   A        B        C        D        E       F      G
               +--------+--------+--------+--------+--------+-----+--------+
         Total |   9743 |   9279 |    464 |   1162 |   6201 |  10 |  974.3 |
       Dungeon |   9217 |   8763 |    454 |   1162 |   6101 |   8 | 1152.1 |
        Temple |    130 |    120 |     10 |      0 |    100 |   1 |  130.0 |
        Bailey |    395 |    395 |      0 |      0 |      0 |   1 |  395.0 |
               +--------+--------+--------+--------+--------+-----+--------+

Top non-repeatable levels by time:
     D:5: 1858 daAuts
     D:7: 1738 daAuts
     D:4: 1459 daAuts
     D:2: 1271 daAuts
     D:3: 1014 daAuts
     D:1: 982 daAuts
     D:6: 731 daAuts
  Bailey: 395 daAuts
     D:8: 160 daAuts
  Temple: 130 daAuts
